 Dungeon Crawl Stone Soup version 0.28.0-47-ge53b351184 (webtiles) character file.

Game seed: 11837024868629244722

690 MrIGI the Shield-Bearer (level 7, 0/66 HPs)
             Began as a Deep Dwarf Fighter on May 10, 2022.
             Slain by an ogre
             ... wielding a +0 giant club
              (10 damage)
             ... on level 4 of the Dungeon.
             The game lasted 00:17:26 (2527 turns).

MrIGI the Shield-Bearer (Deep Dwarf Fighter)        Turns: 2527, Time: 00:17:26

Health: 0/66       AC: 16    Str: 21    XL:     7   Next: 36%
Magic:  6/6        EV: 10    Int:  9    God:
Gold:   172        SH:  9    Dex: 12    Spells: 6/6 levels left

rFire   . . .      SeeInvis .   t - +0 hunting sling
rCold   . . .      Faith    .   e - +0 kite shield
rNeg    + . .      Spirit   .   p - +0 chain mail
rPois   .          Reflect  .   v - +0 helmet
rElec   .          Harm     .   n - +2 cloak
rCorr   .          Rampage  .   d - +1 pair of gloves
Will    +....                   (no boots)
Stlth   ..........              c - amulet of magic regeneration
HPRegen 0.00/turn               g - +4 ring of evasion
MPRegen 0.50/turn               j - ring of positive energy

@: no status effects
A: damage resistance, heal wounds, sense surroundings 1, no regeneration
a: Heal Wounds


You were on level 4 of the Dungeon.
You visited 1 branch of the dungeon, and saw 4 of its levels.
You also visited: Sewer.

You collected 172 gold pieces.

Inventory:

Hand Weapons
 a - a +0 war axe
 t - a +0 hunting sling (weapon)
 w - a +0 dagger of holy wrath
 y - a +2 short sword of venom
 z - a +1 vorpal dire flail
Missiles
 s - 2 javelins
 D - 28 sling bullets (quivered ammo)
Armour
 d - a +1 pair of gloves (worn)
 e - a +0 kite shield (worn)
 n - a +2 cloak (worn)
 p - a +0 chain mail (worn)
 v - a +0 helmet (worn)
Magical Staves
 q - a staff of earth
Jewellery
 c - an amulet of magic regeneration (around neck)
 g - a +4 ring of evasion (left hand)
 j - a ring of positive energy (right hand)
Wands
 u - a wand of flame (13)
Scrolls
 f - a scroll of teleportation {unknown}
 h - 2 scrolls of fog
 i - 2 scrolls of noise
 l - 2 scrolls of identify
 o - a scroll of magic mapping {unknown}
 C - a scroll of enchant weapon {unknown}
Potions
 b - a potion of magic {unknown}
 k - 2 potions of attraction
 m - a potion of berserk rage {unknown}
 r - a potion of heal wounds {unknown}
 x - a potion of ambrosia
 A - 2 potions of haste
 B - a potion of lignification {unknown}


   Skills:
 * Level 4.3 Fighting
 + Level 5.1 Axes
 - Level 0.7(3.0) Maces & Flails
 * Level 5.0 Armour
 + Level 1.6 Dodging
 * Level 5.4 Shields
 + Level 0.3 Evocations


You had 6 spell levels left.
You didn't know any spells.
Your spell library was empty.

Dungeon Overview and Level Annotations

Branches:
Dungeon (4/15)              Sewer (visited)
 Temple: D:4-7

Altars:
Elyvilon
The Shining One

Shops:
D:2 (

Annotations:
D:4 2 transporters, Cykl0x's ghost, amateur GrEE


Innate Abilities, Weirdness & Mutations

You are resistant to damage.
You can heal yourself by infusing magical energy.
You passively map a small area around you.
You do not regenerate.


Message History

Welcome back to the Dungeon!
Level annotation: 2 transporters, Cykl0x's ghost, amateur GrEE
There is a collapsed entrance here.
There is a large open door here.
You enter the shallow water.
Moving in this stuff is going to be slow.
You open the door.
There is an open door here.
You now have 161 gold pieces (gained 6).
You see here a +0 giant spiked club.
C - a scroll labelled USEALI RURHIKE You see here 30 sling bullets.
You now have 172 gold pieces (gained 11).
You see here 30 sling bullets.
D - 30 sling bullets
t - a +0 hunting sling (weapon)
Fire: 30 sling bullets
Press: ? - help, Q - select action, (/) - cycle Shift-Dir - straight line
Okay, then.
l - 2 scrolls of identify (gained 1)
An ogre comes into view. It is wielding a +0 giant club.
The ogre shouts!
Fire: 30 sling bullets
Press: ? - help, Q - select action, (/) - cycle Shift-Dir - straight line, f - ogre
Aim: an ogre, wielding a +0 giant club (74% to hit)
You shoot a sling bullet. The sling bullet hits the ogre!
The ogre is moderately wounded.
Found 12 gold pieces.
Fire: 29 sling bullets
Press: ? - help, Q - select action, (/) - cycle Shift-Dir - straight line, f/p - ogre
Aim: an ogre, wielding a +0 giant club (lightly wounded, 74% to hit)
You shoot a sling bullet. The sling bullet hits the ogre.
The ogre is moderately wounded.
The ogre hits you with a +0 giant club!
* * * LOW HITPOINT WARNING * * *
Found a ring mail.
Cykl0x's ghost turns its malevolent gaze towards you.
The quasit gives a chilling moan.
The ogre hits you with a +0 giant club!
You die...

.#.#...#.W#.............##......#
.# ©.=5#©......$#.#####....###
.##, ..#$#..#####.#.(.....#### *
.©# #...#.##.## #........###
†##..## #. #..# #..<.......##
.#...#.,, #..## #...........#
.##....# ,##....##.........#.#
..#*..5. #..##..#.........#...*
#..##### ##?.###@#.........# #..,
#.....###....##.O........## ##.
####.....##...##.........#
##..######............# , ###
#..# ####.........#
..#####..#########.........# ,,
....)...........##.........#
##..###.........###.......##
##...........(.# ##'######


You could see an ogre.

Vanquished Creatures
  Menkaure (D:4)
  Edmund (D:4)
  A water moccasin (Sewer)
  A black bear (D:4)
  An ogre (D:4)
  Blork the orc (D:4)
  An adder (D:3)
  A worm (D:3)
  2 dart slugs (D:1)
  3 orcs (D:3)
  12 bats
  10 endoplasms
  7 giant cockroaches
  7 goblins
  3 hobgoblins
  4 jackals (D:1)
  4 quokkas
  12 ball pythons
  6 frilled lizards
  2 kobolds
  7 rats
87 creatures vanquished.

Notes
Turn   | Place    | Note
-------+----------+-------------------------------------------
     0 | D:1      | MrIGI the Deep Dwarf Fighter began the quest for the Orb.
     0 | D:1      | Reached XP level 1. HP: 20/20 MP: 1/1
   145 | D:1      | Reached XP level 2. HP: 26/28 MP: 2/2
   635 | D:1      | Reached XP level 3. HP: 15/34 MP: 3/3
  1088 | D:2      | Found Etirip's Weapon Boutique.
  1653 | D:3      | Reached XP level 4. HP: 42/42 MP: 4/4
  1922 | D:3      | Noticed a black bear
  1942 | D:4      | Noticed an ogre
  1947 | D:4      | Noticed a black bear
  1955 | D:4      | Found a transporter.
  1956 | D:4      | Noticed Cykl0x's ghost (amateur GrEE)
  1966 | D:4      | Killed a black bear
  1967 | D:4      | Reached skill level 1 in Dodging
  1967 | D:4      | Reached XP level 5. HP: 43/50 MP: 5/5
  1972 | D:4      | Killed an ogre
  2067 | D:4      | Found a white marble altar of Elyvilon.
  2094 | D:4      | Reached XP level 6. HP: 49/57 MP: 6/6
  2166 | D:4      | Found a glowing golden altar of the Shining One.
  2185 | D:4      | Noticed Menkaure
  2193 | D:4      | Killed Menkaure
  2194 | D:4      | Noticed Blork the orc
  2204 | D:4      | Killed Blork the orc
  2214 | D:4      | Noticed Edmund
  2216 | D:4      | Found a transporter.
  2249 | D:4      | Killed Edmund
  2250 | D:4      | Reached skill level 5 in Axes
  2250 | D:4      | Reached skill level 5 in Shields
  2250 | D:4      | Reached XP level 7. HP: 26/64 MP: 6/6
  2264 | D:4      | Found a glowing drain.
  2268 | Sewer    | Entered a sewer
  2332 | Sewer    | Reached skill level 5 in Armour
  2527 | D:4      | Slain by an ogre

Illustrated notes

Levels and vault maps discovered:
D:1:      minmay_arrival_split_and_join, layout_basic
D:2:      layout_basic, serial_shops, nicolae_square_shop
D:3:      layout_rooms, general_overflow_altar,
          amcnicky_mini_rare_corridor_liquid, kennysheep_generic_room_16
D:4:      layout_rooms, tso_altar, mainiacjoe_overflow_24_doors,
          gammafunk_ghost_stat_death, gup_sewer_entry_bowl,
          grunt_decor_one_mirror, uniq_menkaure, uniq_edmund, uniq_blork_the_orc

Skill      XL: |  1  2  3  4  5  6  7 |
---------------+----------------------+-----
Fighting       | 3 4 |  4.3
Axes           | 3 4 5 |  5.1
Armour         | 4 5 |  5.0
Dodging        | 1 |  1.6
Shields        | 4 5 |  5.4
Maces & Flails | |  0.7
Evocations     | |  0.3

Action                   |  1- 3 |  4- 6 |  7- 9 || total
-------------------------+-------+-------+-------++-------
Melee: War axe           |   128 |    92 |    20 ||   240
 Fire: Hunting sling     |       |       |     2 ||     2
Throw: Javelin           |       |     3 |       ||     3
 Abil: Heal Wounds       |     2 |     2 |       ||     4
Evoke: Wand              |       |     2 |       ||     2
  Use: Potion            |       |     1 |       ||     1
       Scroll            |       |       |     4 ||     4
Armor: Scale mail        |    44 |       |       ||    44
       Chain mail        |     3 |    57 |    31 ||    91
Dodge: Dodged            |    70 |    55 |    28 ||   153
Block: Buckler           |    13 |       |       ||    13
       Kite shield       |    42 |    58 |    23 ||   123
